[Event "Titled Tuesday Blitz August 16 Late 2022"]
[White "Andreikin, Dmitry"]
[Black "Goryachkina, Aleksandra"]
[WhiteFideId "4158814"]
[BlackFideId "4147103"]
[WhiteElo "2736"]
[BlackElo "2426"]
[Result "1-0"]
[Round "02"]
[TimeControl "180+1"]
[Date "2022.08.16"]
[WhiteClock "0:01:18"]
[BlackClock "0:00:01"]

1. d4 d5 2. c4 e6 3. Nf3 Nf6 4. g3 Be7 5. Bg2 O-O 6. O-O dxc4 7. Qc2 a6 8. a4 Bd7 9. Qxc4 Bc6 10. Bf4 Nbd7 11. Qc1 Bd6 12. Rd1 Qe7 13. Nc3 e5 14. Nxe5 Nxe5 15. dxe5 Bxe5 16. Bxc6 bxc6 17. Qe3 Rfe8 18. Qxe5 Qxe5 19. Bxe5 Rxe5 20. Rd4 Rb8 21. f4 Ree8 22. b4 Nd5 23. Nxd5 cxd5 24. Kf2 Re4 25. Rxe4 dxe4 26. Rd1 f5 27. Rd4 Kf7 28. Rc4 Rb7 29. Ke3 Ke7 30. Kd4 Kd6 31. Kc3 g6 32. Rd4+ Ke7 33. Kc4 Rb6 34. Kc5 1-0


[Site "https://www.chess.com"]

[Event "Titled Tuesday Blitz August 16 Late 2022"]
[White "Arnold, Ken"]
[Black "Yaksin, Oleg"]
[WhiteFideId "2056836"]
[BlackFideId "24105880"]
[WhiteElo "2391"]
[BlackElo "2256"]
[Result "1/2-1/2"]
[Round "02"]
[TimeControl "180+1"]
[Date "2022.08.18"]
[WhiteClock "0:00:00"]
[BlackClock "0:00:00"]

1. d4 f5 2. c4 Nf6 3. Nc3 g6 4. Bg5 Bg7 5. Bxf6 exf6 6. g3 O-O 7. Bg2 Kh8 8. e3 a5 9. Nge2 c6 10. h4 h5 11. Nf4 Qe8 12. d5 Na6 13. O-O Nc5 14. Qd2 Ne4 15. Nxe4 fxe4 16. d6 g5 17. Ne2 Qg6 18. c5 b6 19. Nc3 gxh4 20. Nxe4 f5 21. Nc3 Ba6 22. Ne2 Bxe2 23. Qxe2 bxc5 24. Rac1 Rab8 25. b3 hxg3 26. fxg3 Qxd6 27. Qxh5+ Kg8 28. Rxf5 Qxg3 29. Rcf1 Qxe3+ 30. Kh1 Rxf5 31. Rxf5 Qe6 32. Rf4 c4 33. Be4 Qh6 34. Qxh6 Bxh6 35. Rg4+ Bg7 36. bxc4 Rb2 37. Rg2 Rxg2 38. Kxg2 Kf7 39. Bf5 Ke7 40. Kf3 Bd4 41. Ke4 Bb6 42. Kd3 Kd6 43. Be4 Bc5 44. Bf5 Kc7 45. a4 d5 46. cxd5 cxd5 47. Be6 Kd6 48. Bg4 Ke5 49. Bh3 Ba7 50. Bd7 Kd6 51. Bb5 Bg1 52. Ba6 Kc6 53. Bb5+ Kc5 54. Bd7 Bh2 55. Bb5 Be5 56. Be8 Kb4 57. Bb5 Bf6 58. Bc6 d4 59. Bb5 Bg7 60. Be8 Kc5 61. Bd7 Kd6 62. Be8 Kc5 63. Bb5 Be5 64. Be8 Bb8 65. Bb5 Ba7 66. Be8 Kd6 67. Bb5 Kc7 68. Bc4 Bb6 69. Bb5 Kd8 70. Bc4 Ke7 71. Bb5 Kd6 72. Bc4 Kc5 73. Bb5 Kb4 74. Be8 Kb3 75. Bd7 Bc5 76. Be8 Kb4 77. Bd7 Ba7 78. Be8 Kc5 79. Bb5 Kd5 80. Bc4+ Ke5 81. Bb5 Kf4 82. Bc6 Kg3 83. Bb5 Kf2 84. Bc6 Ke1 85. Bb5 Kd1 86. Be8 Kc1 87. Bd7 Kb2 88. Be8 Ka3 89. Bd7 Kb4 90. Be8 Bc5 91. Bd7 Bb6 92. Be8 1/2-1/2


[Site "https://www.chess.com"]

[Event "Titled Tuesday Blitz August 16 Late 2022"]
[White "Atanasov, Anthony"]
[Black "Rasulov, Vugar"]
[WhiteFideId "2623897"]
[BlackFideId "13402390"]
[WhiteElo "1928"]
[BlackElo "2509"]
[Result "0-1"]
[Round "02"]
[TimeControl "180+1"]
[Date "2022.08.16"]
[WhiteClock "0:00:09"]
[BlackClock "0:01:19"]

1. e4 e5 2. Nf3 Nc6 3. Nc3 Nf6 4. a3 g6 5. Bc4 Bg7 6. d3 O-O 7. h3 h6 8. O-O d6 9. Be3 Be6 10. Bxe6 fxe6 11. d4 Kh7 12. dxe5 dxe5 13. Qe2 Nd4 14. Qd1 Nh5 15. Bxd4 exd4 16. Ne2 Rxf3 17. gxf3 Qh4 18. Kg2 Rf8 19. f4 Rxf4 20. Ng3 Qg5 21. Qd2 Be5 22. Rad1 c5 23. c3 Nf6 24. cxd4 Nxe4 25. Qd3 Bxd4 26. Qb3 b6 27. h4 Qg4 28. Rxd4 cxd4 29. Qd3 h5 30. Qc2 Qf3+ 31. Kg1 Nxg3 32. Qc7+ Rf7 33. Qxg3 Qxg3+ 34. fxg3 Rxf1+ 35. Kxf1 g5 36. Ke2 gxh4 37. gxh4 Kg6 38. Kd3 e5 39. Ke4 Kf6 40. b3 Ke6 41. b4 b5 42. Kd3 Kd5 43. Kd2 e4 44. Kc2 Kc4 45. Kb2 e3 46. a4 e2 47. Kc2 e1=Q 48. a5 d3+ 49. Kb2 d2 50. Ka2 d1=Q 51. Ka3 Qa1# 0-1


[Site "https://www.chess.com"]

[Event "Titled Tuesday Blitz August 16 Late 2022"]
[White "Avila Pavas, Santiago"]
[Black "Naroditsky, Daniel"]
[WhiteFideId "4437128"]
[BlackFideId "2026961"]
[WhiteElo "2291"]
[BlackElo "2628"]
[Result "1/2-1/2"]
[Round "02"]
[TimeControl "180+1"]
[Date "2022.08.16"]
[WhiteClock "0:01:08"]
[BlackClock "0:00:37"]

1. d4 Nf6 2. Nf3 g6 3. Bg5 Bg7 4. Nbd2 O-O 5. e4 d5 6. exd5 Nxd5 7. c3 Nd7 8. Bc4 N5b6 9. Bb3 c5 10. Qe2 Re8 11. Bh4 h6 12. Qe4 Qc7 13. Bg3 Qc6 14. Qxc6 bxc6 15. O-O-O cxd4 16. Nxd4 Bb7 17. N2f3 Nc5 18. Rhe1 Rad8 19. Bc2 Nc4 20. Nb3 Nxb3+ 21. axb3 Rxd1+ 22. Rxd1 Nb6 23. Be5 c5 24. Bxg7 Kxg7 25. Ne1 Kf6 26. f3 Rc8 27. Nd3 c4 28. bxc4 Nxc4 29. Nf4 Rc7 30. Nd5+ Bxd5 31. Rxd5 Ne3 32. Rd2 e5 33. Re2 Nd5 34. g3 Nb6 35. Bb3 Kf5 36. Kc2 h5 1/2-1/2


[Site "https://www.chess.com"]

[Event "Titled Tuesday Blitz August 16 Late 2022"]
[White "Badmatsyrenov, Oleg"]
[Black "Ardila, Oscar Humberto"]
[WhiteFideId "24115762"]
[BlackFideId "4404742"]
[WhiteElo "2403"]
[BlackElo "1939"]
[Result "1-0"]
[Round "02"]
[TimeControl "180+1"]
[Date "2022.08.18"]
[WhiteClock "0:00:00"]
[BlackClock "0:00:00"]

1. e4 e5 2. Nc3 Nf6 3. f4 d6 4. Nf3 Bg4 5. h3 Bxf3 6. Qxf3 Nc6 7. Bb5 Be7 8. fxe5 dxe5 9. Bxc6+ bxc6 10. O-O O-O 11. d3 Rb8 12. Kh1 Nd7 13. b3 Bb4 14. Ne2 Qe7 15. Be3 Bc5 16. Ng3 Bxe3 17. Qxe3 f6 18. Nf5 Qc5 19. Qg3 g6 20. Rf2 Kh8 21. Ne3 a5 22. a4 Qe7 23. Raf1 Qg7 24. Ng4 h5 25. Ne3 Qh6 26. Nc4 Ra8 27. Qh4 Kg7 28. Qg3 Qg5 29. Qxg5 fxg5 30. Rxf8 Nxf8 31. Nxe5 Ne6 32. Rf7+ Kh6 33. Nxc6 g4 34. h4 Ra6 35. Ne7 Ra8 36. g3 Nd4 37. Nd5 Nxc2 38. Nxc7 Rc8 39. Ne6 Ne3 40. Kg1 Rc2 41. Ng5 Rc1+ 42. Kf2 Rf1+ 43. Kxe3 Rxf7 44. Nxf7+ 1-0


[Site "https://www.chess.com"]

[Event "Titled Tuesday Blitz August 16 Late 2022"]
[White "Barash, Anton"]
[Black "Graif, William"]
[WhiteFideId "30935229"]
[BlackFideId "2609835"]
[WhiteElo "2088"]
[BlackElo "1942"]
[Result "1-0"]
[Round "02"]
[TimeControl "180+1"]
[Date "2022.08.18"]
[WhiteClock "0:00:00"]
[BlackClock "0:00:00"]

1. e4 e5 2. Nc3 Bc5 3. Nf3 Nf6 4. Nxe5 Nc6 5. Nd3 Bb6 6. Be2 O-O 7. O-O Re8 8. Bf3 d5 9. Nxd5 Nxd5 10. exd5 Nd4 11. b3 Bf5 12. Bb2 Bxd3 13. cxd3 Qg5 14. Bc3 Re5 15. Rc1 Rae8 16. Bxd4 Bxd4 17. Rxc7 Bxf2+ 18. Kxf2 Qh4+ 19. Kg1 Re1 20. Qxe1 Qxe1 21. Rxe1 Rxe1+ 22. Kf2 Re8 23. d6 Kf8 24. d7 Rd8 25. Rxb7 Ke7 26. Rxa7 1-0


[Site "https://www.chess.com"]

[Event "Titled Tuesday Blitz August 16 Late 2022"]
[White "Barria Zuniga, Daniel"]
[Black "Chigaev, Maksim"]
[WhiteFideId "3400816"]
[BlackFideId "4108116"]
[WhiteElo "2414"]
[BlackElo "2487"]
[Result "0-1"]
[Round "02"]
[TimeControl "180+1"]
[Date "2022.08.16"]
[WhiteClock "0:00:19"]
[BlackClock "0:00:10"]

1. e4 c5 2. g3 g6 3. Bg2 Bg7 4. Ne2 Nc6 5. c3 e5 6. d3 Nge7 7. Be3 d6 8. O-O O-O 9. d4 exd4 10. cxd4 d5 11. Nbc3 Bg4 12. exd5 Nxd4 13. h3 Bxe2 14. Nxe2 Nef5 15. Bd2 Re8 16. Nc3 Nd6 17. Re1 Qd7 18. Rxe8+ Rxe8 19. Qf1 b5 20. Re1 b4 21. Ne4 Nxe4 22. Rxe4 Rxe4 23. Bxe4 Nb5 24. Bd3 Nd6 25. b3 a5 26. Be3 Bd4 27. Bxd4 cxd4 28. Qa1 Qa7 29. Qc1 Qb6 30. Qc6 Qxc6 31. dxc6 Kf8 32. c7 Ke7 33. Bb5 Nc8 34. Kf1 Kd6 35. Be8 f5 36. Ke2 Kxc7 37. Kd3 Nd6 38. Ba4 Ne4 39. f4 Nxg3 40. Kxd4 Kd6 41. Bb5 Nh5 42. Ke3 Nf6 43. Bc4 Nd5+ 44. Kf3 Nc3 45. Bg8 Ke7 46. Bxh7 Kf7 47. h4 Kg7 48. Bxg6 Kxg6 49. Ke3 Nxa2 50. Kd3 Nc1+ 51. Kc4 Nxb3 52. Kxb3 Kh5 53. Ka4 Kxh4 54. Kxa5 b3 0-1


[Site "https://www.chess.com"]

[Event "Titled Tuesday Blitz August 16 Late 2022"]
[White "Bashirli, Nail"]
[Black "Shapiro, Daniel"]
[WhiteFideId "13406809"]
[BlackFideId "2001780"]
[WhiteElo "2333"]
[BlackElo "2284"]
[Result "1-0"]
[Round "02"]
[TimeControl "180+1"]
[Date "2022.08.18"]
[WhiteClock "0:00:00"]
[BlackClock "0:00:00"]

1. e4 c5 2. Nc3 a6 3. f4 b5 4. g3 Bb7 5. Bg2 e6 6. d3 d5 7. Nf3 b4 8. Ne2 dxe4 9. Ng5 Nf6 10. O-O a5 11. dxe4 Qxd1 12. Rxd1 h6 13. e5 Bxg2 14. exf6 Bb7 15. Rd8+ Kxd8 16. Nxf7+ Ke8 17. Nxh8 gxf6 18. Be3 Be4 19. f5 Bxf5 20. Nf4 Ra7 21. Nhg6 e5 22. Nxf8 exf4 23. Bxc5 fxg3 24. Bxa7 gxh2+ 25. Kxh2 Na6 26. Rf1 Bxc2 27. Rxf6 Ke7 28. Rxa6 1-0


[Site "https://www.chess.com"]

[Event "Titled Tuesday Blitz August 16 Late 2022"]
[White "Batsiashvili, Nino"]
[Black "Boruchovsky, Avital"]
[WhiteFideId "13602993"]
[BlackFideId "2800055"]
[WhiteElo "2149"]
[BlackElo "2466"]
[Result "0-1"]
[Round "02"]
[TimeControl "180+1"]
[Date "2022.08.16"]
[WhiteClock "0:00:58"]
[BlackClock "0:01:55"]

1. d4 Nf6 2. c4 e6 3. Nc3 Bb4 4. Nf3 O-O 5. e3 b6 6. Bd3 Bb7 7. O-O d5 8. cxd5 exd5 9. Bd2 Nbd7 10. Qc2 Bxc3 11. bxc3 Ne4 12. Be1 c5 13. c4 cxd4 14. Nxd4 Ndc5 15. f3 Nxd3 16. Qxd3 Nc5 17. Qc2 Ba6 18. Nb5 dxc4 19. Qxc4 Qe8 20. a4 Nxa4 21. Qxa4 Bxb5 22. Qa3 Bxf1 23. Kxf1 Qb5+ 24. Kg1 Rfd8 25. Qe7 Qe2 26. Bc3 Rd1+ 27. Rxd1 Qxd1+ 28. Kf2 Qc2+ 0-1


[Site "https://www.chess.com"]

[Event "Titled Tuesday Blitz August 16 Late 2022"]
[White "Belenkaya, Dina"]
[Black "Averjanov, Alexey"]
[WhiteFideId "24142654"]
[BlackFideId "14109867"]
[WhiteElo "2196"]
[BlackElo "2399"]
[Result "1-0"]
[Round "02"]
[TimeControl "180+1"]
[Date "2022.08.18"]
[WhiteClock "0:00:00"]
[BlackClock "0:00:00"]

1. Nf3 c5 2. g3 Nc6 3. Bg2 g6 4. O-O Bg7 5. e4 e6 6. c3 Nge7 7. d4 cxd4 8. cxd4 d5 9. e5 O-O 10. Bg5 h6 11. Be3 Kh7 12. g4 b6 13. Nc3 Ba6 14. Re1 Rc8 15. Qd2 Qd7 16. h4 Rc7 17. h5 Rfc8 18. Kh2 Na5 19. Rh1 Nc4 20. Qc1 Nxb2 21. Qxb2 Rxc3 22. hxg6+ fxg6 23. Kg3 Rc2 24. Qa3 Be2 25. Bxh6 Bxh6 26. Qe3 Ng8 27. g5 R8c3 28. Qf4 Bxf3 29. Bxf3 Qg7 30. Rh4 Ne7 31. Rxh6+ Kg8 32. Kg2 Nf5 33. Rh3 Rd3 34. Bxd5 Rxd4 35. Bxe6+ Kf8 36. Qf3 Qxe5 37. Bxf5 gxf5 38. Qa8+ Ke7 39. Rh7+ Kd6 40. Qd8+ Kc5 41. Qc8+ Kb5 42. Qxc2 Rg4+ 43. Kh3 Qxa1 44. Qxf5+ Ka6 45. Qd3+ b5 46. Kxg4 Qg1+ 47. Kf3 Qc1 48. Qd6+ Ka5 49. Rxa7# 1-0


[Site "https://www.chess.com"]

[Event "Titled Tuesday Blitz August 16 Late 2022"]
[White "Bilych, Olexiy"]
[Black "Rios Escobar, Adan"]
[WhiteFideId "14156504"]
[BlackFideId "3403645"]
[WhiteElo "2157"]
[BlackElo "2276"]
[Result "0-1"]
[Round "02"]
[TimeControl "180+1"]
[Date "2022.08.18"]
[WhiteClock "0:00:00"]
[BlackClock "0:00:00"]

1. e4 c5 2. Nf3 d6 3. d4 cxd4 4. Nxd4 Nf6 5. Nc3 a6 6. Bg5 Nbd7 7. Bc4 Qb6 8. O-O Qc5 9. Bd5 e6 10. Re1 Ne5 11. Bxf6 gxf6 12. Re3 Be7 13. b4 Qc7 14. Bb3 Bd7 15. Qh5 O-O-O 16. Rd1 Rhg8 17. f4 Ng6 18. Nce2 Kb8 19. f5 Ne5 20. fxe6 Rg5 21. Qxh7 Rdg8 22. g3 R8g7 23. Qh3 fxe6 24. Nxe6 Qc8 25. N2f4 Rg8 26. Qf1 Rg4 27. Kh1 Bd8 28. Nd4 Bb6 29. Ree1 Rh8 30. Qf2 Rg5 31. Qg2 Ng4 32. h4 Rg7 33. Rd2 Ne5 34. Nf5 Bxf5 35. exf5 Rxh4+ 36. gxh4 Rxg2 37. Nxg2 Qh8 38. Be6 Qh5 39. Rxd6 Qg4 40. Rxb6 Qh3+ 41. Kg1 Nf3+ 42. Kf2 Nxe1 43. Nxe1 Qxh4+ 44. Ke2 Qe4+ 45. Kf1 Qd4 46. c4 Qf4+ 47. Kg2 Qg4+ 48. Kh2 Qf4+ 49. Kg2 Qe4+ 50. Nf3 Qe2+ 51. Kg3 Qe3 52. Bd5 Qxb6 53. a3 Qc7+ 54. Kg4 Qg7+ 55. Kf4 Qh6+ 56. Ke4 Qc1 57. a4 Qb1+ 58. Ke3 Qxb4 59. Nd4 Qxa4 60. Ne6 Qb3+ 61. Kd4 Qb2+ 62. Kc5 Qe5 63. Kb4 Qd6+ 64. Kc3 Qe5+ 65. Kb4 Qxf5 66. Nd4 Qe5 67. Kc5 b6+ 68. Kxb6 Qxd4+ 69. Kxa6 Qc5 70. Bg8 f5 71. Bd5 f4 72. Ba8 Kc7 73. Be4 Qb6# 0-1


[Site "https://www.chess.com"]

[Event "Titled Tuesday Blitz August 16 Late 2022"]
[White "Bobadilla Viera, Jorge Samuel"]
[Black "Liu, Casper"]
[WhiteFideId "3906353"]
[BlackFideId "1454153"]
[WhiteElo "2202"]
[BlackElo "2025"]
[Result "0-1"]
[Round "02"]
[TimeControl "180+1"]
[Date "2022.08.18"]
[WhiteClock "0:00:00"]
[BlackClock "0:00:00"]

1. e4 e5 2. Nf3 Nc6 3. Bb5 a6 4. Ba4 Nf6 5. d3 Bc5 6. c3 b5 7. Bb3 O-O 8. O-O d5 9. Nbd2 Bg4 10. h3 Bh5 11. Re1 Re8 12. Qe2 Bg6 13. Bc2 Nh5 14. Nf1 Nf4 15. Bxf4 exf4 16. Rad1 Qf6 17. e5 Qf5 18. Nh4 Qxe5 19. Qxe5 Nxe5 20. Rxe5 Rxe5 21. Nxg6 Re2 22. Bb3 Bxf2+ 23. Kh1 hxg6 24. Bxd5 Rae8 0-1


[Site "https://www.chess.com"]

[Event "Titled Tuesday Blitz August 16 Late 2022"]
[White "Bogaudinov, Rushan"]
[Black "Bartholomew, John"]
[WhiteFideId "4129288"]
[BlackFideId "2019353"]
[WhiteElo "2040"]
[BlackElo "2446"]
[Result "0-1"]
[Round "02"]
[TimeControl "180+1"]
[Date "2022.08.18"]
[WhiteClock "0:00:00"]
[BlackClock "0:00:00"]

1. e4 c5 2. Nf3 e6 3. g3 a6 4. a4 Nc6 5. Bg2 d6 6. O-O g6 7. c3 Bg7 8. d4 cxd4 9. cxd4 d5 10. Nc3 Nge7 11. Bg5 h6 12. Bf4 g5 13. Be3 O-O 14. h4 dxe4 15. Nxe4 g4 16. Nfd2 f5 17. Nc5 Nxd4 18. Nc4 Nec6 19. a5 Qe7 20. Nb6 Rb8 21. Rc1 Rd8 22. Qe1 Nf3+ 23. Bxf3 gxf3 24. Rd1 e5 25. Rxd8+ Qxd8 26. Qd1 Nd4 27. Bxd4 Qxd4 28. Qxd4 exd4 29. Rd1 Kf7 30. Rd3 Be6 31. Nxe6 Kxe6 32. Rxf3 Rd8 33. Rd3 Ke5 34. f3 h5 35. Kf2 Bh6 36. f4+ Ke4 37. Ke2 Bf8 38. b3 Bb4 39. Nc4 Rd5 40. Ne5 Rxa5 41. Rd1 Ra2+ 42. Kf1 Rh2 43. Nd3 Bc3 44. Nf2+ Kd5 45. Kg1 Rxf2 46. Kxf2 b5 47. Ke2 Ke4 48. Rb1 d3+ 49. Kd1 a5 50. Rc1 b4 51. Rb1 Kf3 52. Rc1 Kxg3 53. Rb1 Kxf4 54. Rc1 Ke3 55. Rb1 f4 0-1


[Site "https://www.chess.com"]

[Event "Titled Tuesday Blitz August 16 Late 2022"]
[White "Burke, Paul"]
[Black "Kashtanov, Ruslan"]
[WhiteFideId "2605767"]
[BlackFideId "4124871"]
[WhiteElo "1918"]
[BlackElo "2168"]
[Result "0-1"]
[Round "02"]
[TimeControl "180+1"]
[Date "2022.08.18"]
[WhiteClock "0:00:00"]
[BlackClock "0:00:00"]

1. e4 c5 2. d4 cxd4 3. c3 Nf6 4. Bd3 dxc3 5. Nxc3 Nc6 6. Nf3 d6 7. h3 g6 8. O-O Bg7 9. Be3 O-O 10. Rc1 d5 11. e5 Nd7 12. Nxd5 Ndxe5 13. Nxe5 Bxe5 14. Qe2 Qxd5 0-1


[Site "https://www.chess.com"]

[Event "Titled Tuesday Blitz August 16 Late 2022"]
[White "Claverie, Christophe"]
[Black "Rengifo Blancas, Renzo Jhonathan"]
[WhiteFideId "605514"]
[BlackFideId "3807185"]
[WhiteElo "2300"]
[BlackElo "2058"]
[Result "1-0"]
[Round "02"]
[TimeControl "180+1"]
[Date "2022.08.18"]
[WhiteClock "0:00:00"]
[BlackClock "0:00:00"]

1. d4 b6 2. e4 Bb7 3. Bd3 Nc6 4. c3 e5 5. d5 Nce7 6. c4 Ng6 7. Nc3 Nf6 8. g3 Bc5 9. h4 h5 10. Qe2 c6 11. Bg5 d6 12. a3 Bd4 13. Rc1 c5 14. Nb5 Qe7 15. f4 exf4 16. gxf4 Bc8 17. Nf3 Bg4 18. Nbxd4 cxd4 19. O-O Qd7 20. e5 Bxf3 21. Qxf3 dxe5 22. fxe5 Nxe5 23. Rce1 Ng4 24. Bf5 Qd6 25. Bxg4 O-O 26. Qf4 f6 27. Be6+ Kh8 28. Qxd4 Nc6 29. Bf4 Qd8 30. Qe3 1-0


[Site "https://www.chess.com"]

[Event "Titled Tuesday Blitz August 16 Late 2022"]
[White "Csonka, Balazs"]
[Black "Gheorghiu, Calin"]
[WhiteFideId "742910"]
[BlackFideId "1200305"]
[WhiteElo "2404"]
[BlackElo "2168"]
[Result "1-0"]
[Round "02"]
[TimeControl "180+1"]
[Date "2022.08.18"]
[WhiteClock "0:00:00"]
[BlackClock "0:00:00"]

1. e4 c5 2. Nf3 d6 3. d4 cxd4 4. Nxd4 Nf6 5. Nc3 a6 6. Bg5 e6 7. f4 Qb6 8. Qd2 Qxb2 9. Rb1 Qa3 10. e5 dxe5 11. fxe5 h6 12. Bh4 g5 13. exf6 gxh4 14. Be2 Qc5 15. Ne4 Qe5 16. Bf3 Nd7 17. O-O Bc5 18. c3 Rg8 19. Kh1 Nb6 20. Qxh6 Bd7 21. Nxc5 Qxc5 22. Bxb7 Ra7 23. Bf3 Qg5 24. Qh7 Nc8 25. Rb8 Rc7 26. h3 Rxc3 27. Re1 Rxf3 28. Qc2 Rc3 29. Qe2 Rc7 30. Nf3 Qxf6 31. Ne5 Rg3 32. Rf1 Qg5 33. Nxf7 Rc1 34. Nxg5 Rxf1+ 35. Qxf1 Rxg5 36. Qc1 Rg7 37. Rxc8+ Bxc8 38. Qxc8+ Kf7 39. Qxa6 1-0


[Site "https://www.chess.com"]

[Event "Titled Tuesday Blitz August 16 Late 2022"]
[White "D`Arruda, Ricardo D."]
[Black "Tarnowska, Aleksandra"]
[WhiteFideId "100692"]
[BlackFideId "1180967"]
[WhiteElo "2271"]
[BlackElo "1700"]
[Result "1-0"]
[Round "02"]
[TimeControl "180+1"]
[Date "2022.08.18"]
[WhiteClock "0:00:00"]
[BlackClock "0:00:00"]

1. d4 d5 2. Nf3 e6 3. c4 Nf6 4. e3 Be7 5. Nc3 O-O 6. Bd3 c5 7. O-O b6 8. b3 Bb7 9. Bb2 Nbd7 10. Qe2 Rc8 11. Rfd1 h6 12. dxc5 Nxc5 13. Bc2 Ba6 14. Qe1 Qc7 15. cxd5 Nxd5 16. Nxd5 exd5 17. Rxd5 Bb7 18. Rdd1 Bxf3 19. gxf3 Rfd8 20. Qe2 Rd6 21. Rxd6 Qxd6 22. f4 Qe6 23. Rd1 Bf6 24. Bxf6 Qxf6 25. b4 Ne6 26. Qd3 Nf8 27. Bb3 Ng6 28. Qd7 Rf8 29. Rd6 1-0


[Site "https://www.chess.com"]

[Event "Titled Tuesday Blitz August 16 Late 2022"]
[White "Diaz Perez, Michel Alejandro"]
[Black "Kamsky, Gata"]
[WhiteFideId "3517179"]
[BlackFideId "2000024"]
[WhiteElo "2313"]
[BlackElo "2666"]
[Result "0-1"]
[Round "02"]
[TimeControl "180+1"]
[Date "2022.08.16"]
[WhiteClock "0:00:32"]
[BlackClock "0:01:13"]

1. e4 e5 2. Nf3 Nc6 3. Bb5 a6 4. Ba4 Nf6 5. O-O Be7 6. d3 d6 7. c3 O-O 8. Nbd2 b5 9. Bb3 Na5 10. Bc2 c5 11. h3 Re8 12. Re1 Bf8 13. Nf1 Bb7 14. Ng3 d5 15. Qe2 Qb6 16. Nh4 g6 17. Qf3 c4 18. Bg5 cxd3 19. Bxd3 Nxe4 20. Nxe4 dxe4 21. Bxe4 Bxe4 22. Rxe4 Nc4 23. Re2 h6 24. Bc1 Rad8 25. Re1 Bg7 26. b3 Nd6 27. Be3 Qb7 28. Qxb7 Nxb7 29. Nf3 Rc8 30. Rac1 e4 31. Nd4 Nc5 32. Red1 f5 33. c4 Nd3 34. Rc2 f4 0-1


[Site "https://www.chess.com"]

[Event "Titled Tuesday Blitz August 16 Late 2022"]
[White "Djordjevic, Vuk"]
[Black "Proudian, Armen"]
[WhiteFideId "902098"]
[BlackFideId "2130734"]
[WhiteElo "2456"]
[BlackElo "2380"]
[Result "1-0"]
[Round "02"]
[TimeControl "180+1"]
[Date "2022.08.16"]
[WhiteClock "0:00:10"]
[BlackClock "0:00:44"]

1. d4 Nf6 2. Bg5 e6 3. e4 c5 4. d5 d6 5. Nc3 e5 6. Nf3 h6 7. Be3 Be7 8. h3 a6 9. a4 Qa5 10. Nd2 O-O 11. g4 Nbd7 12. h4 Nh7 13. Be2 Qd8 14. Nf3 Ndf6 15. g5 Ng4 16. gxh6 Nxe3 17. fxe3 gxh6 18. Qd2 Kh8 19. O-O-O b5 20. Rdg1 bxa4 21. Nb1 Rb8 22. Qc3 Bf6 23. Nbd2 Rg8 24. Rxg8+ Qxg8 25. Nc4 Qd8 26. Nfd2 Rb4 27. Na3 a5 28. Ndc4 Nf8 29. Qe1 Ba6 30. c3 Rb3 31. Nxe5 Bxe5 32. Bxa6 Qb6 33. Bd3 Rxb2 34. Nc4 Qb3 35. Nxb2 Bxc3 36. Qe2 Bxb2+ 37. Qxb2+ Qxb2+ 38. Kxb2 Nd7 39. Ra1 Ne5 40. Kc3 Nf3 41. Rxa4 Nxh4 42. Rxa5 Kg7 43. e5 Nf3 44. exd6 Ne5 45. Bf5 h5 46. d7 Nxd7 47. Bxd7 Kf6 48. Bh3 Ke5 49. Ra4 Kxd5 50. Rh4 f5 51. Rxh5 Ke4 52. Rxf5 Kxe3 53. Rxc5 Ke2 54. Bf1+ Kd1 55. Re5 Kc1 56. Re1# 1-0


[Site "https://www.chess.com"]

[Event "Titled Tuesday Blitz August 16 Late 2022"]
[White "Eljanov, Pavel"]
[Black "Pires, Marcos Vinicius Torsani"]
[WhiteFideId "14102951"]
[BlackFideId "2118939"]
[WhiteElo "2601"]
[BlackElo "2273"]
[Result "1-0"]
[Round "02"]
[TimeControl "180+1"]
[Date "2022.08.18"]
[WhiteClock "0:00:00"]
[BlackClock "0:00:00"]

1. f4 c5 2. Nf3 g6 3. g3 Bg7 4. e4 Nc6 5. Bg2 Rb8 6. O-O b5 7. c3 Nf6 8. e5 Nd5 9. d4 cxd4 10. cxd4 O-O 11. Nc3 Nxc3 12. bxc3 d5 13. Ba3 Re8 14. h3 h5 15. Bc5 a5 16. Ng5 e6 17. g4 hxg4 18. Qxg4 Ne7 19. Qh4 Rb7 20. Qh7+ Kf8 21. h4 Rc7 22. h5 Rxc5 23. h6 Nf5 24. hxg7+ Nxg7 25. dxc5 1-0


[Site "https://www.chess.com"]

[Event "Titled Tuesday Blitz August 16 Late 2022"]
[White "Ezat, Mohamed"]
[Black "Roman, Rodrigo"]
[WhiteFideId "10600906"]
[BlackFideId "3701220"]
[WhiteElo "2386"]
[BlackElo "2001"]
[Result "0-1"]
[Round "02"]
[TimeControl "180+1"]
[Date "2022.08.18"]
[WhiteClock "0:00:00"]
[BlackClock "0:00:00"]

1. d4 Nf6 2. c4 e6 3. Nc3 Bb4 4. e3 c5 5. a3 Bxc3+ 6. bxc3 d6 7. Bd3 Nc6 8. Ne2 O-O 9. O-O e5 10. f3 Re8 11. e4 h6 12. Be3 b6 13. Qc2 Ba6 14. Rad1 Qc7 15. Kh1 Na5 16. f4 Bxc4 17. fxe5 dxe5 18. Rxf6 gxf6 19. Ng3 Kh7 20. Qf2 Rg8 21. Nh5 Rg6 22. Nxf6+ Kh8 23. Qh4 Kg7 24. Nh5+ Kh8 25. d5 Bxd3 26. Rxd3 Qd6 27. h3 Nc4 28. Bc1 Rag8 29. g4 Qd8 30. Qf2 Nd6 31. Qe2 Qh4 32. Kg2 Rxg4+ 33. hxg4 Rxg4+ 34. Ng3 Nxe4 35. Qe1 Rg6 36. d6 f5 37. d7 Qd8 38. c4 Kh7 39. Qd1 f4 40. Bxf4 exf4 41. Qc2 Nxg3 42. Rd6 Nf5+ 43. Rxg6 Kxg6 44. Qd3 Kf6 45. Qd5 Ne3+ 46. Kf3 Nxd5 47. cxd5 Qxd7 48. d6 Qxd6 0-1


[Site "https://www.chess.com"]

[Event "Titled Tuesday Blitz August 16 Late 2022"]
[White "Fernandez Siles, Luis"]
[Black "Leenhouts, Koen"]
[WhiteFideId "2209420"]
[BlackFideId "1008439"]
[WhiteElo "2211"]
[BlackElo "2409"]
[Result "0-1"]
[Round "02"]
[TimeControl "180+1"]
[Date "2022.08.18"]
[WhiteClock "0:00:00"]
[BlackClock "0:00:00"]

1. e4 c5 2. Nf3 e6 3. c3 Nf6 4. e5 Nd5 5. Bc4 Nc6 6. d4 cxd4 7. cxd4 d6 8. O-O Be7 9. Qe2 O-O 10. Bd2 Qc7 11. Nc3 Nxc3 12. Bxc3 dxe5 13. dxe5 b6 14. Bd3 Bb7 15. Qe4 g6 16. Qg4 Rfd8 17. Rad1 Rxd3 18. Rxd3 Ba6 19. Rfd1 Bxd3 20. Rxd3 Rd8 21. Qe4 Rxd3 22. Qxd3 Qd8 23. Qxd8+ Bxd8 24. Kf1 Kf8 25. Ke2 Ke7 26. Kd3 Kd7 27. b4 b5 28. Nd4 Nxd4 29. Bxd4 a6 30. Bc5 Kc6 31. Ke4 a5 32. a3 a4 33. Be3 Be7 34. Bc1 Bd8 35. Bd2 Bb6 36. f4 Bg1 37. h3 Bb6 38. Be1 Kd7 39. Bd2 Bf2 40. g4 Kc6 41. f5 exf5+ 42. gxf5 gxf5+ 43. Kxf5 Kd5 44. Kf6 Bd4 45. Bf4 Bb2 46. Kxf7 Bxa3 47. Bd2 Kxe5 48. Kg7 Bb2 49. Kxh7 a3 50. Bh6 Ke6 0-1


[Site "https://www.chess.com"]

[Event "Titled Tuesday Blitz August 16 Late 2022"]
[White "Fier, Alexandr"]
[Black "Buchenau, Frank"]
[WhiteFideId "2107139"]
[BlackFideId "4604350"]
[WhiteElo "2598"]
[BlackElo "2157"]
[Result "1-0"]
[Round "02"]
[TimeControl "180+1"]
[Date "2022.08.18"]
[WhiteClock "0:00:00"]
[BlackClock "0:00:00"]

1. d4 e6 2. c4 Nf6 3. Nc3 Bb4 4. e3 O-O 5. Ne2 c6 6. a3 Ba5 7. Qc2 d5 8. Ng3 Nbd7 9. Be2 dxc4 10. Bxc4 e5 11. O-O exd4 12. exd4 Bc7 13. Ba2 Nb6 14. Re1 Qxd4 15. Bg5 Nfd5 16. Rad1 Qg4 17. Nxd5 Nxd5 18. Rxd5 cxd5 19. Be7 Bxg3 20. Bxf8 Bf5 21. Qd2 Bf4 22. Qxd5 Rxf8 23. Qxf7+ Rxf7 24. Re8# 1-0


[Site "https://www.chess.com"]